 Dungeon Crawl Stone Soup version 0.31-a0-233-g139696dc86 (webtiles) character file.

Game seed: 1318837656842627940

86 qw the Shooter (level 4, 0/26 HPs)
             Began as a Gargoyle Hexslinger on July 7, 2023.
             Slain by a gnoll
             ... wielding a +0 halberd
              (13 damage)
             ... on level 3 of the Dungeon.
             The game lasted 00:00:45 (1861 turns).

qw the Shooter (Gargoyle Hexslinger)                Turns: 1861, Time: 00:00:46

Health: 0/26       AC:  5    Str: 12    XL:     4   Next: 49%
Magic:  5/5        EV: 12    Int: 13    God:
Gold:   39         SH:  0    Dex: 14    Spells: 4/5 levels left

rFire   . . .        Y - +1 sling
rCold   . . .        (no shield)
rNeg    + . .        c - +0 robe
rPois   inf          (no helmet)
rElec   +            (no cloak)
rCorr   .            (no gloves)
SInv    .            (no boots)
Will    .....        b - amulet of regeneration
Stlth   +            (no ring)
HPRegen 1.04/turn    (no ring)
MPRegen 0.09/turn

%: no passive effects
@: no status effects
A: sickness immunity, AC +3, negative energy resistance 1, electricity
resistance, torment resistance 1, petrification resistance
a: no special abilities


You were on level 3 of the Dungeon.
You visited 1 branch of the dungeon, and saw 3 of its levels.

You collected 135 gold pieces.
You spent 96 gold pieces at shops.


Innate Abilities, Weirdness & Mutations

You are immune to sickness and miasma.
Your stone body is resilient. (AC +3)
You are immune to poison.
You resist negative energy. (rN+)
You are resistant to electric shocks. (rElec)
You are resistant to unholy torment.
You are immune to petrification.


   Skills:
 - Level 2.0 Fighting
 + Level 4.3 Ranged Weapons
 - Level 1.5 Dodging
 - Level 1.0 Spellcasting
 - Level 2.6 Hexes


You had 4 spell levels left.
You knew the following spells:

 Your Spells              Type           Power      Damage    Failure   Level
a - Slow                  Hex            28%        N/A       10%         1

Your spell library contained the following spells:

 Spells                   Type           Power      Damage    Failure   Level
 Inner Flame              Hex/Fire       4%         N/A       43%         3
 Portal Projectile        Hex/Tloc       8%         N/A       43%         3
 Cause Fear               Hex            3%         N/A       67%         4

Inventory:

Hand Weapons
 Y - a +1 sling (weapon)
Armour
 c - a +0 robe (worn)
 e - a +0 ring mail
Jewellery
 b - an amulet of regeneration (around neck)
 l - a ring of protection from cold
Scrolls
 d - a scroll of teleportation
 h - 2 scrolls of identify
 n - a scroll of vulnerability {unknown}
Potions
 a - 2 potions of cancellation {unknown}
 f - a potion of curing {unknown}
 g - 2 potions of might
 i - 2 potions of mutation {unknown}
 j - a potion of attraction {unknown}
 k - a potion of heal wounds {unknown}
 m - a potion of degeneration {unknown}

Dungeon Overview and Level Annotations

Branches:
Dungeon (3/15)

Altars:
Nemelex Xobeh

Shops:
D:3 (!(


Message History

Enter note:
Enter note:
Enter note:
Enter note:
Enter note:
Enter note: A gnoll comes into view. It is wielding a +0 hand axe.
You shoot a sling bullet. The sling bullet hits the gnoll.
The gnoll is moderately wounded.
A gnoll comes into view. It is wielding a +3 spear of venom.
A gnoll comes into view. It is wielding a +0 halberd.
You shoot a sling bullet. The gnoll shouts! x2
The sling bullet hits the gnoll.
The gnoll is heavily wounded.
You hear a shout!
You shoot a sling bullet. The sling bullet hits the gnoll.
The gnoll is severely wounded.
You shoot a sling bullet.
The sling bullet barely misses the gnoll.
You shoot a sling bullet. The sling bullet hits the gnoll.
You kill the gnoll!
You shoot a sling bullet. The sling bullet hits the gnoll.
The gnoll is moderately wounded.
The gnoll closely misses you.
A gnoll comes into view. It is wielding a +0 halberd.
The gnoll hits you from afar with a +3 spear of venom.
You shoot a sling bullet.
The sling bullet barely misses the gnoll.
The gnoll hits you from afar with a +3 spear of venom.
The gnoll hits you from afar with a +0 halberd.
You shoot a sling bullet.
The sling bullet completely misses the gnoll.
The gnoll misses you.
The gnoll hits you from afar with a +3 spear of venom.
You shoot a sling bullet.
The sling bullet closely misses the gnoll.
The gnoll hits you from afar with a +0 halberd!
Ouch! That really hurt!
You die...

.... ....# .#...######
..........# #.#)......#
..g.......###########
.....%.$...<..#.....####
.....g.@..###...........
#....g..............####
..........#####.....####
#.......................
#########.##........####
#%####......#### #. #.>#
##......... #.#### ##.#
#...).###. ....#######.#
###.....#.


You could see 3 gnolls.

Vanquished Creatures
  A gnoll (D:3)
  A worm (D:2)
  6 orcs (D:3)
  5 ball pythons
  9 bats
  3 endoplasms
  3 giant cockroaches
  A goblin (D:2)
  6 hobgoblins
  6 jackals
  6 kobolds
  4 quokkas
  2 frilled lizards
  3 rats
56 creatures vanquished.

Notes
Turn   | Place    | Note
-------+----------+-------------------------------------------
     0 | D:1      | qw the Gargoyle Hexslinger began the quest for the Orb.
     0 | D:1      | Reached XP level 1. HP: 12/12 MP: 2/2
     0 | D:1      | 0 ||| qw: Version: 0.3-a-46-gb1f654a
     0 | D:1      | 0 ||| qw: Game counter: 3312
     0 | D:1      | 0 ||| qw: Melee chars always use a shield: true
     0 | D:1      | 0 ||| qw: God list: Okawaru
     0 | D:1      | 0 ||| qw: Allow faded altars: false
     0 | D:1      | 0 ||| qw: Do Orc after clearing Dungeon:15 true
     0 | D:1      | 0 ||| qw: Do second Lair branch before Depths: true
     0 | D:1      | 0 ||| qw: Lair rune preference: random
     0 | D:1      | 0 ||| qw: Goals: Normal
     0 | D:1      | 0 ||| PLANNING D:1-11
   134 | D:1      | Reached XP level 2. HP: 16/16 MP: 3/3
   249 | D:1      | Found a faded altar of an unknown god.
   259 | D:1      | Reached skill level 3 in Ranged Weapons
   490 | D:1      | Reached XP level 3. HP: 17/21 MP: 4/4
   670 | D:1      | 670 ||| READING scroll labelled ILYVAM FEECEYDY.
   675 | D:1      | 675 ||| READING 2 scrolls labelled QAICOU XU LIW.
   676 | D:1      | 676 ||| READING scroll labelled WESKUR QUBEA.
   677 | D:1      | 677 ||| READING scroll labelled PUCSAV IMOH.
   678 | D:1      | 678 ||| READING 2 scrolls labelled OHAEQU QUUKHEEP.
   679 | D:1      | 679 ||| DROPPING scroll of poison.
   680 | D:1      | 680 ||| DROPPING scroll of amnesia.
  1362 | D:2      | 1362 ||| UPGRADING to amulet of regeneration.
  1367 | D:2      | 1367 ||| READING scroll labelled SISARI YDAOTS.
  1446 | D:3      | Found Omuvuj's Weapon Shop.
  1510 | D:3      | Found Sisyh's Distillery.
  1519 | D:3      | 1519 ||| BUYING 2 potions of might (96 gold).
  1519 | D:3      | Bought 2 potions of might for 96 gold pieces
  1519 | D:3      | 1519 ||| SHOPLISTING potion of might (48 gold, have 2).
  1519 | D:3      | 1519 ||| SHOPLISTING potion of mutation (96 gold, have 2).
  1604 | D:3      | Reached XP level 4. HP: 26/26 MP: 5/5
  1640 | D:3      | Found a sparkling altar of Nemelex Xobeh.
  1663 | D:3      | Reached skill level 4 in Ranged Weapons
  1765 | D:3      | Found Faaskema's Weapon Boutique.
  1780 | D:3      | 1780 ||| SHOPLISTING +0 orcbow of flaming (116 gold, have
                  | 27).
  1861 | D:3      | Slain by a gnoll

Levels and vault maps discovered:
D:1:      psy_arrival_dodecagon, layout_loops_ring,
          nicolae_ecumenical_snake_handling, corexii_leaking_fountain,
          hangedman_decor_peaks_small
D:2:      layout_basic
D:3:      layout_rooms, led_sif_pool, nemelex_spade_bored_becter, serial_shops,
          nicolae_shop_gibbet_a_chance, nicolae_lakefront_shop, shop, shop,
          minmay_misc_feat_pillars

Skill      XL: |  1  2  3  4 |
---------------+-------------+-----
Ranged Weapons | 3 4 |  4.3
Fighting       | 2 |  2.0
Dodging        | |  1.5
Spellcasting   | |  1.0
Hexes          | |  2.6

Action                     |  1- 3 |  4- 6 || total
---------------------------+-------+-------++-------
   Fire: Sling             |   131 |    41 ||   172
    Use: Scroll            |     6 |       ||     6
 Armour: Robe              |    23 |     1 ||    24
  Dodge: Dodged            |    60 |     6 ||    66

Table legend:
 A = Non-vault XP
 B = Vault XP
 C = Vault XP percentage of total XP
 D = Non-vault monster count
 E = Vault monster count
 F = Vault count percentage of total count
                 A         B        C        D         E       F
            +---------+---------+-------+---------+---------+-------
      Total |     119 |       4 |   3.3 |      54 |       2 |   3.6
            +---------+---------+-------+---------+---------+-------
        D:1 |      33 |       4 |  10.8 |      18 |       2 |  10.0
        D:2 |      27 |       0 |   0.0 |      14 |       0 |   0.0
        D:3 |      59 |       0 |   0.0 |      22 |       0 |   0.0
            +---------+---------+-------+---------+---------+-------
